 Dungeon Crawl Stone Soup version 0.28-a0-1518-gbe868bca14 (webtiles) character file.

Game seed: 18268975650075829837

169 Nattfarinn the Skirmisher (level 5, 0/44 HPs)
             Began as a Palentonga Fighter on Jan 17, 2022.
             Slain by Grinder (2 damage)
             ... on level 3 of the Dungeon.
             The game lasted 00:02:50 (2184 turns).

Nattfarinn the Skirmisher (Palentonga Fighter)      Turns: 2184, Time: 00:02:50

Health: 0/44       AC:  6    Str: 21    XL:     5   Next: 25%
Magic:  5/5        EV:  7    Int:  9    God:
Gold:   75         SH:  4    Dex:  9    Spells: 4/4 levels left

rFire   . . .      SeeInvis +   h - +5 spear
rCold   . . .      Faith    .   c - +0 buckler
rNeg    . . .      Spirit   .   b - +0 scale mail
rPois   .          Reflect  .   (no helmet)
rElec   .          Harm     .   (no cloak)
rCorr   .          Rampage  .   (no gloves)
Will    .....                   (no barding)
Stlth   ..........              (no amulet)
HPRegen 0.14/turn               (no ring)
MPRegen 0.09/turn               (no ring)

@: mighty
A: large, rugged brown scales 3, see invisible, deformed body, roll 1, armoured
tail
a: Rolling Charge


You were on level 3 of the Dungeon.
You visited 1 branch of the dungeon, and saw 3 of its levels.

You collected 75 gold pieces.

Inventory:

Hand Weapons
 a - a +0 war axe
 h - a +5 spear (weapon)
 q - a +0 mace of holy wrath
Missiles
 m - 3 javelins
Armour
 b - a +0 scale mail (worn)
 c - a +0 buckler (worn)
Wands
 o - a wand of flame (12)
Scrolls
 e - a scroll of fear {unknown}
 g - 5 scrolls of identify {unknown}
 k - 2 scrolls of teleportation {unknown}
Potions
 f - a potion of mutation {unknown}
 i - 2 potions of brilliance {unknown}
 j - a potion of heal wounds {unknown}
 l - a potion of cancellation {unknown}
 n - a potion of resistance {unknown}
 p - a potion of invisibility {unknown}


   Skills:
 * Level 4.2 Fighting
 * Level 3.3 Axes
 + Level 3.0 Armour
 + Level 3.0 Shields


You had 4 spell levels left.
You didn't know any spells.
Your spell library was empty.

Dungeon Overview and Level Annotations

Branches:
Dungeon (3/15)

Altars:

Annotations:
D:3 Grinder


Innate Abilities, Weirdness & Mutations

You are completely covered in rugged brown scales. (AC +3, +7% HP)
You have supernaturally acute eyesight. (SInv)
Armour fits poorly on your strangely shaped body.
You can roll at nearby foes to attack.
You have a long armoured tail.


Message History

Roll where?
Press: ? - help, Q - select action, (/) - cycle Dir - move target, f/p - Grinder
Aim: Grinder (moderately wounded, fast)
You roll forward with a clatter of scales!
You closely miss Grinder. You tail-slap Grinder.
Grinder is moderately wounded.
Grinder gestures at you.
You barely resist. Grinder hits you.
You hit Grinder.
Grinder is heavily wounded.
Grinder gestures at you.
You barely resist. You barely miss Grinder.
Grinder is heavily wounded.
Grinder hits you.
You writhe in agony.
Grinder hits you but does no damage.
You are too injured to fight recklessly!
You are too injured to fight recklessly!
You feel very mighty all of a sudden.
Grinder says, "Mostly I couldn't keep them alive."
Grinder hits you!
* * * LOW HITPOINT WARNING * * *
You hit Grinder.
Grinder is heavily wounded.
Grinder hits you but does no damage. x2
Grinder gestures at you. You resist with significant effort.
Grinder blinks!
You start resting.
Grinder is nearby!
Roll where?
Press: ? - help, Q - select action, (/) - cycle Dir - move target, f/p - Grinder
Aim: Grinder (heavily wounded, fast)
You roll forward with a clatter of scales!
You closely miss Grinder.
Your tail-slap misses Grinder.
Grinder is heavily wounded.
Grinder hits you!
* * * LOW HITPOINT WARNING * * *
You writhe in agony.
You die...

...##.##.#
#..##.##.#
#..##.##.#
#..#..##.#
#####..#...#.#
.........#...#
####...##†##.##
#.☼##.♣.##.#######
##@####.####.....^.
#.5#.#.#.#.#..#####
#.#.⌠.###.⌠.#.#
#..#.#.#.#.#..#
##..###.#.#...#
#.###.⌠.###..#
######
###.##.#.#.#...#
.....#
#...#†###.#.#.†####
####.#
#..#.8.###.⌠.#†...#


You could see Grinder (fast).

Vanquished Creatures
  A hound (D:2)
  An orc priest (D:3)
  2 orc wizards (D:3)
  An adder (D:2)
  A worm (D:3)
  A dart slug (D:3)
  2 orcs (D:3)
  4 endoplasms
  A giant cockroach (D:1)
  2 goblins
  5 hobgoblins
  4 jackals (D:2)
  3 quokkas
  4 ball pythons
  5 bats
  6 frilled lizards
  3 kobolds
  A rat (D:1)
47 creatures vanquished.

Notes
Turn   | Place    | Note
-------+----------+-------------------------------------------
     0 | D:1      | Nattfarinn the Palentonga Fighter began the quest for the
                  | Orb.
     0 | D:1      | Reached XP level 1. HP: 19/19 MP: 1/1
    99 | D:1      | Reached XP level 2. HP: 25/25 MP: 2/2
   772 | D:2      | Reached XP level 3. HP: 31/31 MP: 3/3
  1089 | D:2      | Reached XP level 4. HP: 18/39 MP: 4/4
  1611 | D:3      | Found a faded altar of an unknown god.
  1786 | D:3      | Reached skill level 4 in Fighting
  1799 | D:3      | Reached XP level 5. HP: 11/44 MP: 5/5
  2169 | D:3      | Noticed Grinder
  2184 | D:3      | HP: 2/44 [Grinder (8)]
  2184 | D:3      | Slain by Grinder

Illustrated notes

Levels and vault maps discovered:
D:1:      lightli_arrival_noodles, layout_rooms, minmay_domino_4
D:2:      layout_rooms, serial_co_window_serial, co_window_cross_1,
          co_window_paths_a, co_window_of_opportunity_a, co_window_paths_a,
          co_window_corner_a, co_window_of_opportunity_c, co_window_corner_cb,
          co_window_broadway_b, co_window_paths_c, co_window_corner_cb,
          co_window_corner_b, co_window_unsneaky_path_e, glass_columns_a,
          glass_columns_a, glass_columns_c, glass_columns_a,
          kennysheep_generic_room_13
D:3:      layout_loops_ring, nicolae_ecumenical_pavilion,
          grunt_decor_mini_mirrors, uniq_grinder

Skill      XL: |  1  2  3  4 |
---------------+-------------+-----
Fighting       | 4 |  4.2
Axes           | 3 |  3.3
Shields        | 3 |  3.0
Armour         | 3 |  3.0

Action                   |  1- 3 |  4- 6 || total
-------------------------+-------+-------++-------
Melee: War axe           |    15 |       ||    15
       Tailslap          |     3 |     3 ||     6
       Spear             |    55 |    57 ||   112
 Abil: Rolling Charge    |     2 |     3 ||     5
  Use: Potion            |       |     1 ||     1
Armor: Scale mail        |    40 |    20 ||    60
Dodge: Dodged            |    22 |     6 ||    28
Block: Buckler           |    12 |     7 ||    19

Table legend: (Time is in decaauts)
 A = Elapsed time spent in this place.
 B = Non-inter-level travel time spent in this place.
 C = Inter-level travel time spent in this place.
 D = Time resting spent in this place.
 E = Time spent auto-exploring this place.
 F = Levels seen in this place.
 G = Mean time per level.
                   A        B        C        D        E       F      G
               +--------+--------+--------+--------+--------+-----+--------+
         Total |   2196 |   2049 |    147 |    225 |   1565 |   3 |  732.0 |
       Dungeon |   2196 |   2049 |    147 |    225 |   1565 |   3 |  732.0 |
               +--------+--------+--------+--------+--------+-----+--------+

Top non-repeatable levels by time:
     D:2: 1106 daAuts
     D:3: 575 daAuts
     D:1: 513 daAuts
